cohdb
Replays
Latest Replays
All Replays
Popular Replays
Top Player Replays
Match Explorer
How It Works
Community
CoH3 Stats
Reddit
Sign in to upload your games and track your stats! →
Sign in with Steam
Match 47045533
Unlisted
Match 47045533
Overview
Messages
Build Orders
End
Selects Armored Battlegroup
Selects Assault Engineers
Assault Engineer Squad
Assault Engineer Squad
Assault Engineer Squad
Assault Engineer Squad
Infantry Support Center
Construct Weapon Support Center
M1919 Machine Gun Team
Construct Medical Station
Selects Fast Deploy
M3 Armored Personnel Carrier
M1919 Machine Gun Team
Bazooka Squad
Construct Tank Depot
Mortar Pit
Selects M31 Recovery Vehicle
Selects War Machine
M4(105) Sherman Bulldozer
M1919 Machine Gun Team
M4A1 Sherman Medium Tank
M4A1 Sherman Medium Tank
Advanced Logistics
Selects Seek and Destroy
Selects UNKNOWN (2160077)
M4A1 Sherman Medium Tank
M4A1 Sherman Medium Tank
Bazooka Squad
Improved M9 Bazooka Rockets
M4A1 Sherman Medium Tank
Survival Training
M4A3E8 Sherman Easy Eight
FeriG
HulkSMASH
0
0
Comments
sign in to comment!
No comments posted yet!